Unix NetHack Version 3.7.0-89 Work-in-progress - last build Sep 7 2023 15:16:41 (8494bff02b67719303c47e298deaa89034127798,branch:master). Game began 2023-09-09 02:44:20, ended 2023-09-09 03:02:31. horga, neutral male human Healer ... |... |..- |..- ---- ....--@.. .....Gd-- ... |.---- -^..|..-- |.....<.| --.....-- --.. Horga the Rhizotomist St:12 Dx:7 Co:13 In:11 Wi:16 Ch:18 Neutral Dlvl:4 $:1093 HP:0(27) Pw:8(8) AC:0 Xp:2/23 T:1824 Latest messages: It is hit. You are hit by a dagger. P - a dagger (3 in total). The dwarf turns to flee. An arrow misses you. Something is written here in the dust. You read: "Elbereth". You see here an arrow. You hear some noises in the distance. You swap places with your dog. The dog drops an arrow. Something is written here in the dust. You read: "Flbc?ctn". You see here an arrow. The dog drops an arrow. The dwarf thrusts her dagger. The dwarf hits! You swap places with your dog. You see here an arrow. The dog bites it. It thrusts its dagger at the dog. It misses the dog. What do you want to use or apply? [hkqs or ?*] s In what direction? 6 Status of the dog (neutral, medium): Level 4 HP 28(31) AC 5, tame. The dog misses it. You are hit by a dagger. What do you want to use or apply? [hkqs or ?*] s In what direction? 2 Status of the dog (neutral, medium): Level 4 HP 28(31) AC 5, tame. Q - an arrow. P - a dagger (4 in total). The dog picks up an arrow. The gnome lord thrusts his dagger. The gnome lord hits! The dog bites the gnome lord. The gnome lord thrusts his dagger at the dog. The gnome lord hits the dog. The gnome lord thrusts his dagger. The gnome lord hits! What do you want to write with? [- ahoqwxIMNPQ or ?*] - You write in the dust with your fingertip. What do you want to write in the dust here? Elbereth The dog bites the gnome lord. The gnome lord thrusts his dagger at the dog. The gnome lord misses the dog. The gnome lord thrusts his dagger. The gnome lord hits! You die... Do you want to see the dungeon overview? [ynq] (y) y Inventory: Coins $ - 1093 gold pieces Weapons Q - an uncursed +0 arrow M - 8 blessed +0 darts x - an uncursed +0 dagger P - 4 uncursed +0 daggers I - an uncursed +0 elven dagger (alternate weapon; not wielded) a - an uncursed +0 scalpel (weapon in hand) Armor H - an uncursed +0 cornuthaum b - an uncursed +1 pair of leather gloves (being worn) L - an uncursed +0 pair of high boots (being worn) F - an uncursed +0 cloak of displacement (being worn) K - an uncursed +2 studded leather armor (being worn) Comestibles l - 6 uncursed apples O - an uncursed food ration D - an uncursed tripe ration Scrolls r - an uncursed scroll of magic mapping B - an uncursed scroll of remove curse n - 2 uncursed scrolls of teleportation Potions f - 4 uncursed potions of extra healing C - an uncursed potion of fruit juice J - an uncursed potion of full healing v - an uncursed potion of gain energy e - a blessed potion of healing d - 3 uncursed potions of healing Wands q - a blessed wand of secret door detection (0:11) h - an uncursed wand of sleep (0:4) Tools k - an uncursed credit card s - an uncursed stethoscope Gems/Stones o - an uncursed amethyst stone w - an uncursed worthless piece of black glass N - an uncursed worthless piece of yellow glass Horga the Healer's attributes: Background: You were a Rhizotomist, a level 2 male human Healer. You were neutral, on a mission for Hermes who was opposed by Athena (lawful) and Poseidon (chaotic). You were in the Gnomish Mines, on level 4. You entered the dungeon 1824 turns ago. It was nighttime. You had 23 experience points, 17 more were needed to attain level 3. Basics: You had 0 out of 27 hit points. You had all 8 energy points (spell power). Your armor class was 0. Your wallet contained 1093 zorkmids. Autopickup was on for '$?!/="*' plus thrown, with exceptions. Final Characteristics: Your strength was 12 (limit:18/100). Your dexterity was 7 (limit:18). Your constitution was 13 (limit:18). Your intelligence was 11 (limit:18). Your wisdom was 16 (limit:18). Your charisma was 18 (limit:18). Final Status: You were not hungry. You were unencumbered. You were wielding a knife. You had basic skill with knife. Final Attributes: You were devoutly aligned. You were poison resistant. You were displaced. You were warded. You are dead. Miscellaneous: You never encountered a bones level. Total elapsed playing time was 18 minutes and 10 seconds. Major events: Turn 1: horga the neutral male human Healer entered the dungeon 507: entered the Gnomish Mines 1824: killed by a gnome lord Vanquished creatures: a shrieker a dwarf a dwarf zombie an acid blob 2 hobbits a large kobold a giant rat 6 gnomes 2 geckos 5 jackals 4 sewer rats a grid bug 3 lichens a kobold zombie 5 newts 35 creatures vanquished. No species were genocided or became extinct. Voluntary challenges: You read items or engraved 3 times. You engraved Elbereth 1 time. You never genocided any monsters. You never polymorphed an object. You never changed form. You used no wishes. Achievements: You entered the Gnomish Mines. You entered a shop. The Dungeons of Doom: levels 1 to 6 Level 1: "vault" Level 2: A fountain, a sink. Level 3: An altar, a fountain. Stairs down to The Gnomish Mines. Level 4: A general store, a fountain. Level 5: Level 6: The Gnomish Mines: Level 4: <- You were here. Final resting place for you, killed by a gnome lord. Game over: ---------- / \ / REST \ / IN \ / PEACE \ / \ | horga | | 1093 Au | | killed by a | | gnome lord | | | | | | 2023 | *| * * * | * _________)/\\_//(\/(/\)/\//\/|_)_______ Goodbye horga the Healer... You died in The Gnomish Mines on dungeon level 4 with 352 points, and 1093 pieces of gold, after 1824 moves. You were level 2 with a maximum of 27 hit points when you died.